 Dungeon Crawl Stone Soup version 0.27-a0-1325-g58a489ad9e (webtiles) character file.

Game seed: 4160068099386013668

102 Johnny the Magician (level 4, 0/27 HPs)
             Began as a Deep Elf Earth Elementalist on June 23, 2021.
             Slain by an adder (3 damage)
             ... on level 2 of the Dungeon.
             The game lasted 00:01:56 (2383 turns).

Johnny the Magician (Deep Elf Earth Elementalist)   Turns: 2383, Time: 00:01:57

Health: 0/27       AC:  3    Str:  5    XL:     4   Next: 50%
Magic:  12/12      EV: 12    Int: 21    God:
Gold:   85         SH:  0    Dex: 15    Spells: 7/11 levels left

rFire    . . .     SeeInvis .   h - +0 mace (vorpal)
rCold    . . .     Faith    .   (no shield)
rNeg     . . .     Spirit   .   b - +0 robe
rPois    .         Reflect  .   i - +0 helmet
rElec    .         Harm     .   (no cloak)
rCorr    .         Rampage  .   (no gloves)
Will     .....                  (no boots)
Stlth    ++........             (no amulet)
HPRegen  0.09/turn              (no ring)
MPRegen  0.13/turn              (no ring)

@: lethally poisoned (0 -> -9)
A: no striking features
a: no special abilities


You were on level 2 of the Dungeon.
You visited 1 branch of the dungeon, and saw 2 of its levels.

You collected 85 gold pieces.

Inventory:

Hand Weapons
 e - a +0 dagger
 h - a +0 vorpal mace (weapon)
Missiles
 c - 7 stones
Armour
 b - a +0 robe (worn)
 i - a +0 helmet (worn)
Scrolls
 f - a scroll of blinking {unknown}
 g - a scroll of fog {unknown}
 j - a scroll of identify {unknown}
Potions
 a - 2 potions of curing {unknown}
 d - a potion of might {unknown}


   Skills:
 * Level 2.3 Fighting
 - Level 2.4 Dodging
 - Level 2.4 Stealth
 + Level 4.1 Spellcasting
 - Level 1.1 Transmutations
 + Level 4.0 Earth Magic


You had 7 spell levels left.
You knew the following spells:

 Your Spells              Type           Power      Damage    Failure   Level
a - Sandblast             Erth           42%        2d11      2%          1
b - Stone Arrow           Conj/Erth      24%        3d8       16%         3

Your spell library contained the following spells:

 Spells                   Type           Power      Damage    Failure   Level
 Passwall                 Tmut/Erth      12%        N/A       6%          2
 Magic Dart               Conj           16%        1d3       12%         1
 Blink                    Tloc           N/A        N/A       19%         2
 Call Imp                 Summ           4%         N/A       19%         2
 Poisonous Vapours        Pois/Air       8%         N/A       19%         2
 Slow                     Hex            4%         N/A       19%         2
 Conjure Flame            Conj/Fire      4%         6-21      34%         3
 Mephitic Cloud           Conj/Pois/Air  4%         N/A       34%         3
 Petrify                  Tmut/Erth      15%        N/A       38%         4
 Lee's Rapid Deconstruct  Erth           10%        3d9*      52%         5
 Freezing Cloud           Conj/Ice/Air   2%         6-21      97%         5


Dungeon Overview and Level Annotations

Branches:
Dungeon (2/15)

Altars:

Shops:
D:2 =


Message History

A ball python is nearby!
A ball python is nearby!
A ball python is nearby!
The ball python hisses angrily.
An adder comes into view.
Found a stone staircase leading down.
An adder comes into view.
You catch the helpless adder completely off-guard!
You hit the adder.
The adder is lightly wounded.
The adder hisses angrily.
The adder bites you. x2
You are poisoned.
The adder poisons you!
You hit the adder.
The adder is severely wounded.
You feel sick. The adder misses you. The ball python barely misses you.
The ball python grabs you. The ball python constricts you.
The adder bites you but does no damage.
You closely miss the ball python.
You feel sick.
The ball python bites you but does no damage.
The ball python constricts you. The adder bites you but does no damage.
The ball python bites you. The ball python constricts you.
You hit the ball python but do no damage.
You feel sick. The adder bites you.
You are more poisoned.
The adder poisons you! The adder bites you. The ball python closely misses you.
The ball python constricts you. The adder bites you.
* * * LOW HITPOINT WARNING * * *
You are more poisoned.
The adder poisons you! The adder bites you but does no damage.
You are too injured to fight recklessly!
You are too injured to fight recklessly!
You are too injured to fight recklessly!
Unknown command.
You escape the ball python's grasp.
* * * LOW HITPOINT WARNING * * *
You feel very sick. The adder bites you.
You die...

.####.####### ##
.#........... ..
.##.#.####### .# ###.#.#
.# #.#.# .# #.#.#
#####.## ###.#.# #......#
....#.##### #....#.#
#####.....###...@#S##.##.
#.............SS......
#......###....#..#.###
###################.#
............# ...
###########.# ..# # #.#
..# ###########.# >.
.........##.# ###


You could see 2 adders.

Vanquished Creatures
  Robin (D:2)
  3 adders (D:2)
  A worm (D:2)
  A dart slug (D:1)
  2 bats
  4 endoplasms
  3 giant cockroaches
  9 goblins
  3 hobgoblins
  4 jackals (D:1)
  6 kobolds
  2 quokkas (D:1)
  6 ball pythons
  2 frilled lizards
  5 rats
52 creatures vanquished.

Notes
Turn   | Place    | Note
-------+----------+-------------------------------------------
     0 | D:1      | Johnny the Deep Elf Earth Elementalist began the quest for
                  | the Orb.
     0 | D:1      | Reached XP level 1. HP: 10/10 MP: 6/6
   295 | D:1      | Reached XP level 2. HP: 16/16 MP: 5/8
   330 | D:1      | Reached skill level 1 in Fighting
   591 | D:1      | Reached XP level 3. HP: 20/20 MP: 1/10
   959 | D:2      | Found a faded altar of an unknown god.
  1458 | D:2      | Noticed Robin
  1465 | D:2      | Reached XP level 4. HP: 23/26 MP: 5/11
  1468 | D:2      | Killed Robin
  1580 | D:2      | Found Hium Vuo's Jewellery Shop.
  1803 | D:2      | Learned a level 3 spell: Stone Arrow
  2383 | D:2      | Slain by an adder

Illustrated notes

Levels and vault maps discovered:
D:1:      evilmike_arrival_crescent, layout_rooms
D:2:      layout_basic, shapermc_ecumenical_altar_notcrosses, serial_shops,
          shop, uniq_natasha, uniq_robin

Skill      XL: |  1  2  3  4 |
---------------+-------------+-----
Fighting       | 1 2 |  2.3
Spellcasting   | 4 |  4.1
Earth Magic    | 4 |  4.0
Dodging        | |  2.4
Stealth        | |  2.4
Transmutations | |  1.1

Action                   |  1- 3 |  4- 6 || total
-------------------------+-------+-------++-------
Melee: Unarmed           |     8 |       ||     8
       Dagger            |    21 |       ||    21
       Mace              |       |    36 ||    36
 Cast: Sandblast         |    47 |     6 ||    53
       Stone Arrow       |       |     1 ||     1
 Stab: Sleeping          |     5 |       ||     5
       Distracted        |       |     1 ||     1
Armor: Robe              |     2 |    17 ||    19
Dodge: Dodged            |    29 |    31 ||    60

Table legend: (Time is in decaauts)
 A = Elapsed time spent in this place.
 B = Non-inter-level travel time spent in this place.
 C = Inter-level travel time spent in this place.
 D = Time resting spent in this place.
 E = Time spent auto-exploring this place.
 F = Levels seen in this place.
 G = Mean time per level.
                   A        B        C        D        E       F      G
               +--------+--------+--------+--------+--------+-----+--------+
         Total |   2399 |   2394 |      5 |     28 |   2068 |   2 | 1199.5 |
       Dungeon |   2399 |   2394 |      5 |     28 |   2068 |   2 | 1199.5 |
               +--------+--------+--------+--------+--------+-----+--------+

Top non-repeatable levels by time:
     D:2: 1484 daAuts
     D:1: 915 daAuts
